 Dungeon Crawl Stone Soup version 0.18.1-48-g4cf74bf (webtiles) character file.

48 Gargoyl the Skirmisher (level 3, -3/29 HPs)
             Began as a Demonspawn Abyssal Knight on July 6, 2016.
             Was a Follower of Lugonu.
             Slain by a kobold
             ... wielding a +2 dagger of distortion
              (5 damage)
             ... on level 2 of the Dungeon.
             The game lasted 00:03:12 (1645 turns).

Gargoyl the Skirmisher (Demonspawn Abyssal Knight)  Turns: 1645, Time: 00:03:12

Health: -3/29      AC: 12    Str: 13    XL:     3   Next: 50%
Magic:  5/5        EV:  6    Int: 13    God:    Lugonu [*.....]
Gold:   128        SH:  0    Dex: 12    Spells: 0 memorised, 2 levels left

rFire  + . .     SeeInvis .     a - +1 hand axe
rCold  . . .     Gourm    .     g - +0 chain mail
rNeg   . . .     Faith    .     (no shield)
rPois  .         Spirit   .     (helmet restricted)
rElec  .         Dismiss  .     f - +2 cloak
rCorr  .         Reflect  .     (no gloves)
SustAt .         Harm     .     (no boots)
MR     .....                    j - amulet of magic regeneration
Stlth  ..........               (no ring)
                                k - ring of protection from fire

@: not resistant to hostile enchantments, extremely unstealthy
A: antennae 1
a: Depart the Abyss, Renounce Religion


You were on level 2 of the Dungeon.
You worshipped Lugonu.
Lugonu was aware of your devotion.
You were hungry.

You visited 1 branch of the dungeon, and saw 2 of its levels.
You visited the Abyss 1 time.

You collected 128 gold pieces.

Inventory:

Hand Weapons
 a - a +1 hand axe (weapon)
Armour
 f - a +2 cloak (worn)
 g - a +0 chain mail (worn)
Jewellery
 j - an amulet of magic regeneration (around neck)
 k - a ring of protection from fire (left hand)
Scrolls
 d - 2 scrolls of teleportation {unknown}
 i - 2 scrolls of remove curse {unknown}
 n - a scroll of fog {unknown}
 p - a scroll of enchant armour {unknown}
Potions
 e - a potion of lignification {unknown}
 h - a potion of might {unknown}
 l - a potion of curing {unknown}
 m - a potion of brilliance {unknown}
 q - a potion of flight {unknown}
 r - a potion of cure mutation {unknown}
Comestibles
 b - 2 meat rations
 c - 2 bread rations
 o - a beef jerky


   Skills:
 + Level 3.4 Fighting
 + Level 2.3 Axes
 * Level 2.4 Armour
 + Level 1.0 Dodging
 + Level 2.9 Invocations


You had 2 spell levels left.
You didn't know any spells.

Dungeon Overview and Level Annotations

Branches:
Dungeon (2/15)

Altars:
Elyvilon
Gozag


Innate Abilities, Weirdness & Mutations

You have a pair of small antennae on your head.


Message History

You hit the kobold.
The kobold is moderately wounded.
The kobold barely misses you.
You hit the kobold but do no damage.
The kobold is moderately wounded.
The kobold hits you with a dagger of distortion.
Space warps horribly around you!
* * * LOW HITPOINT WARNING * * *
You closely miss the kobold.
The kobold is moderately wounded.
The kobold hits you but does no damage. Space bends around you.
* * * LOW HITPOINT WARNING * * *
The kobold hits you but does no damage. Space bends around you.
* * * LOW HITPOINT WARNING * * *
You hit the kobold but do no damage.
The kobold is moderately wounded.
The kobold hits you with a dagger of distortion.
* * * LOW HITPOINT WARNING * * *
Space bends around you.
You die...

#>..# #.######.. #.#.#
#.##...# #.#.# #.##.###
#.#.###.##.# ######
#..........# #.....
#.#####.###.#..# #..<##
#...........#..# #...##
#######.#####..# #...[# ##
##########@# #..# ##...# ..
.........#K# #..#####...#
##
########.#.#####...........
#....##............#
#................._#
##...##.###.######.# ###
##.....##...#####.# ..#
##...............# #.#
#.#####...#######


You could see a kobold.

Vanquished Creatures
  A gnoll (D:1)
  An adder (D:2)
  A dart slug (D:2)
  A giant gecko (D:1)
  A ball python (D:2)
  3 bats (D:1)
  3 giant cockroaches
  3 goblins
  4 hobgoblins
  4 giant newts (D:1)
  A kobold (D:2)
  3 rats (D:1)
26 creatures vanquished.

Notes
Turn   | Place    | Note
--------------------------------------------------------------
     0 | Abyss:1  | Gargoyl the Demonspawn Abyssal Knight began the quest for the Orb.
     0 | Abyss:1  | Reached XP level 1. HP: 18/18 MP: 2/2
    38 | Abyss:1  | Noticed an insubstantial wisp
    43 | Abyss:1  | Noticed a raiju
    63 | Abyss:1  | Noticed a large abomination
    67 | Abyss:2  | Found a viscous altar of Jiyva.
   162 | Abyss:3  | Noticed a small abomination
   163 | D:1      | Escaped the Abyss
   481 | D:1      | Reached * piety under Lugonu
   655 | D:1      | Gained mutation: You have a pair of small antennae on your head. [demonic ancestry]
   655 | D:1      | Reached XP level 2. HP: 23/24 MP: 3/3
  1196 | D:2      | Reached XP level 3. HP: 28/29 MP: 5/5
  1205 | D:2      | Found an opulent altar of Gozag.
  1300 | D:2      | Reached skill level 1 in Dodging
  1571 | D:2      | Found a white marble altar of Elyvilon.
  1645 | D:2      | Slain by a kobold

Skill      XL: |  1  2  3 |
---------------+----------+-----
Armour         | 2 |  2.4
Axes           | 2 |  2.3
Dodging        | 1 |  1.0
Fighting       | |  3.4
Invocations    | |  2.9

Action                   || total
-------------------------++-------
Melee: Hand axe          ||    92
Invok: Depart the Abyss  ||     1
  Eat: Chunk             ||     2
Armor: Chain mail        ||    79
Dodge: Dodged            ||    47
